 Dungeon Crawl Stone Soup version 0.30-a0-946-gec5dcfc036 (webtiles) character file.

Game seed: 2394034951490518667

51 gohu the Trooper (level 3, -2/34 HPs)
             Began as a Hill Orc Fighter on Mar 26, 2023.
             Slain by a gnoll
             ... wielding a +0 halberd
              (9 damage)
             ... on level 2 of the Dungeon.
             The game lasted 00:01:40 (1137 turns).

gohu the Trooper (Hill Orc Fighter)                 Turns: 1137, Time: 00:01:41

Health: -2/34      AC:  9    Str: 20    XL:     3   Next: 83%
Magic:  3/3        EV:  7    Int:  8    God:
Gold:   67         SH:  4    Dex: 10    Spells: 2/2 levels left

rFire   . . .      SeeInvis .    a - +0 war axe
rCold   . . .      Faith    .    c - +0 buckler
rNeg    . . .      Spirit   .    g - +0 chain mail
rPois   .          Reflect  .    (no helmet)
rElec   .          Rampage  .    (no cloak)
rCorr   .                        (no gloves)
Will    .....                    (no boots) Stlth
                                 (no amulet)
HPRegen 0.25/turn                (no ring)
MPRegen 0.08/turn                (no ring)

@: no status effects
A: no striking features
a: no special abilities


You were on level 2 of the Dungeon.
You visited 1 branch of the dungeon, and saw 2 of its levels.

You collected 67 gold pieces.

Inventory:

Hand Weapons
 a - a +0 war axe (weapon)
Armour
 b - a +0 scale mail
 c - a +0 buckler (worn)
 g - a +0 chain mail (worn)
Jewellery
 i - a ring of wizardry
Scrolls
 e - a scroll of vulnerability {unknown}
 f - a scroll of identify {unknown}
 h - a scroll of teleportation {unknown}
 j - a scroll of magic mapping {unknown}
 l - a scroll of butterflies {unknown}
Potions
 d - a potion of might
 k - a potion of mutation {unknown}
 m - 2 potions of degeneration {unknown}


   Skills:
 * Level 4.3 Fighting
 * Level 4.2 Axes
 + Level 3.7 Armour
 - Level 3.2 Shields


You had 2 spell levels left.
You didn't know any spells.
Your spell library was empty.

Dungeon Overview and Level Annotations

Branches:
Dungeon (2/15)

Altars:


Message History

The adder barely misses you. The adder bites you but does no damage.
You slash the adder!
You kill the adder!
Your Axes skill increases to level 4!
No target in view!
No target in view!
No target in view!
No target in view!
No target in view!
You see here an adder corpse.
Found an escape hatch in the floor.
You now have 67 gold pieces (gained 11).
You open the door.
There is an open door here.
m - 2 cyan potions
There is an open door here.
A gnoll comes into view. It is wielding a +0 flail.
The gnoll shouts!
There is an open door here.
You slash the gnoll!
The gnoll is severely wounded.
The gnoll closely misses you.
You slash the gnoll!
You kill the gnoll!
No target in view!
There is an open door here.
A gnoll comes into view. It is wielding a +0 halberd.
The gnoll shouts!
The gnoll hits you but does no damage.
You barely miss the gnoll.
The gnoll hits you with a +0 halberd. x2
You completely miss the gnoll. The gnoll hits you with a +0 halberd!
You are too injured to fight recklessly!
You completely miss the gnoll. The gnoll closely misses you.
You barely miss the gnoll. The gnoll barely misses you.
The gnoll hits you with a +0 halberd!
* * * LOW HITPOINT WARNING * * *
You hit the gnoll.
The gnoll is lightly wounded.
The gnoll hits you with a +0 halberd!
You die...

############ #
#.........<# #.
#.##.##.##.## #.
#.##.#......
#.###........#.##
#...........#.#
#.###.##.......# #.
#........#.# ..
#...g@..##.# ..
####.......# .#.
####.#### .. ##'## #.
## ##...## #.#.#
##.....## #.#.##
##.......##
#....####.........###
#......)'.........'.


You could see a gnoll.

Vanquished Creatures
  A gnoll (D:2)
  An adder (D:2)
  2 dart slugs (D:1)
  A ball python (D:1)
  4 endoplasms (D:1)
  2 giant cockroaches (D:1)
  2 goblins (D:2)
  2 hobgoblins (D:1)
  2 jackals (D:1)
  A kobold (D:1)
  A quokka (D:1)
  2 bats (D:1)
  5 rats (D:1)
26 creatures vanquished.

Notes
Turn   | Place    | Note
-------+----------+-------------------------------------------
     0 | D:1      | gohu the Hill Orc Fighter began the quest for the Orb.
     0 | D:1      | Reached XP level 1. HP: 19/19 MP: 1/1
   117 | D:2      | Identified the +7 dagger of Myjuocs {heavy, rPois rC- rCorr
                  | Str+6}
   134 | D:1      | Reached XP level 2. HP: 27/27 MP: 2/2
   325 | D:1      | Found a faded altar of an unknown god.
   355 | D:1      | Reached XP level 3. HP: 33/33 MP: 3/3
  1137 | D:2      | Slain by a gnoll

Illustrated notes

Levels and vault maps discovered:
D:1:      minmay_arrival_plants_in_alcoves, layout_basic,
          shapermc_ecumenical_altar_totnotflames
D:2:      layout_loops_corners, basic_altar

Skill      XL: |  1  2  3 |
---------------+----------+-----
Fighting       | 4 |  4.3
Axes           | 3 4 |  4.2
Armour         | |  3.7
Shields        | |  3.2

Action                     || total
---------------------------++-------
  Melee: War axe           ||    73
 Armour: Scale mail        ||    12
         Chain mail        ||    16
  Dodge: Dodged            ||    25
  Block: Buckler           ||    11

Table legend: (Time is in decaauts)
 A = Elapsed time spent in this place.
 B = Non-inter-level travel time spent in this place.
 C = Inter-level travel time spent in this place.
 D = Time resting spent in this place.
 E = Time spent auto-exploring this place.
 F = Levels seen in this place.
 G = Mean time per level.
                   A        B        C        D        E       F      G
               +--------+--------+--------+--------+--------+-----+--------+
         Total |   1166 |   1075 |     91 |      0 |    853 |   2 |  583.0 |
       Dungeon |   1166 |   1075 |     91 |      0 |    853 |   2 |  583.0 |
               +--------+--------+--------+--------+--------+-----+--------+

Top non-repeatable levels by time:
     D:1: 1022 daAuts
     D:2: 143 daAuts
